Map: [ESL] Solaris

Players

MaxPax - Winner!

  • Race: Protoss Protoss
  • Spawn Location: 7:00

Wayne

  • Race: Zerg Zerg
  • Spawn Location: 1:00

Event: ESL SC2 Masters 2023 Winter (Regional)

VOD

Have the link to the VOD?

Description

Time

  • Played on: Nov. 16, 2023, 12:43 p.m.
  • Length: 10:49

All games in this series

Show
View Real Time Build Order
Export as new Build Order

MaxPax Protoss - Winner!

Build Orders: 1 Gate Expand, Oracle Opening 

Get SALT Encoding   

  12  0:00  Probe  
  13  0:12  Probe  
  14  0:19  Pylon  
  14  0:24  Probe  
  15  0:38  Probe (Chrono Boost)  
  15  0:40  Gateway  
  17  0:50  Probe (Chrono Boost)  
  17  0:51  Assimilator  
  17  0:55  Probe (Chrono Boost)  
  19  1:04  Probe  
  19  1:16  Probe  
  20  1:26  Cybernetics Core  
  21  1:38  Nexus  
  20  1:41  Probe  
  20  1:46  Pylon  
  21  1:53  Probe  
  22  1:55  Assimilator  
  22  2:02  Adept (Chrono Boost)  
  22  2:05  Probe  
  25  2:17  Probe  
  26  2:23  Stargate, Adept (Chrono Boost)  
  26  2:29  Probe  
  29  2:36  Warp Gate  
  29  2:42  Probe (Chrono Boost)  
  30  2:49  Adept  
  30  2:50  Probe (Chrono Boost)  
  35  2:59  Probe x2 (Chrono Boost)  
  35  3:04  Probe (Chrono Boost)  
  36  3:05  Probe  
  36  3:06  Oracle (Chrono Boost)  
  36  3:08  Pylon  
  40  3:16  Probe  
  40  3:17  Probe  
  42  3:28  Probe  
  42  3:29  Probe  
  42  3:35  Gateway  
  42  3:37  Oracle (Chrono Boost)  
  42  3:40  Probe  
  46  3:45  Probe  
  47  3:50  Nexus  
  47  3:53  Probe  
  48  3:57  Pylon  
  48  3:58  Probe  
  49  4:05  Probe  
  50  4:10  Oracle (Chrono Boost), Probe  
  50  4:13  Assimilator  
  50  4:16  Assimilator  
  54  4:17  Probe  
  54  4:22  Shield Battery  
  54  4:23  Probe  
  56  4:29  Adept x2, Probe  
  61  4:40  Twilight Council  
  61  4:41  Forge  
  61  4:43  Pylon  
  61  4:45  Probe  
  62  4:54  Gateway  
  62  4:56  Gateway  
  62  5:01  Probe (Chrono Boost)  
  62  5:03  Probe (Chrono Boost)  
  62  5:06  Probe (Chrono Boost)  
  65  5:12  Probe (Chrono Boost)  
  65  5:13  Probe (Chrono Boost)  
  68  5:15  Probe (Chrono Boost)  
  68  5:17  Probe (Chrono Boost)  
  68  5:18  Probe (Chrono Boost)  
  70  5:22  Protoss Ground Weapons Level 1 (Chrono Boost)  
  70  5:25  Stalker, Probe  
  70  5:26  Stalker  
  70  5:27  Blink (Chrono Boost), Probe  
  76  5:29  Probe  
  76  5:33  Gateway  
  77  5:35  Gateway  
  77  5:37  Probe  
  77  5:39  Probe  
  77  5:41  Probe  
  80  5:48  Pylon  
  80  5:49  Probe  
  81  5:51  Probe  
  81  5:53  Probe  
  81  5:54  Stalker, Pylon  
  85  5:59  Pylon  
  85  6:01  Forge  
  85  6:06  Probe  
  85  6:10  Stalker x3  
  92  6:23  Robotics Facility  
  92  6:26  Pylon  
  88  6:35  Stalker x5  
  88  6:36  Stalker  
  100  6:45  Pylon  
  94  6:47  Oracle  
  94  6:49  Nexus, Protoss Ground Armor Level 1 (Chrono Boost), Pylon  
  97  6:55  Photon Cannon  
  97  6:57  Pylon  
  97  7:01  Stalker x4  
  97  7:04  Stalker  
  97  7:06  Stalker  
  109  7:11  Photon Cannon  
  109  7:13  Protoss Ground Weapons Level 2 (Chrono Boost)  
  109  7:14  Probe  
  110  7:17  Probe x2, Charge (Chrono Boost)  
  112  7:26  Probe  
  111  7:34  Probe  
  112  7:37  Stalker x3  
  112  7:38  Zealot x3  
  112  7:39  Gateway  
  112  7:40  Gateway  
  112  7:42  Probe  
  125  7:46  Warp Prism (Chrono Boost)  
  127  7:56  Pylon  
  125  8:01  Zealot  
  125  8:04  Zealot x2  
  125  8:05  Zealot x2  
  129  8:06  Cybernetics Core  
  129  8:20  Probe  
  129  8:21  Probe x2  
  129  8:22  Zealot x2  
  136  8:27  Gateway  
  136  8:29  Probe  
  136  8:32  Zealot x4, Probe  
  136  8:33  Probe  
  147  8:36  Pylon  
  147  8:40  Photon Cannon  
  147  8:41  Pylon  
  147  8:43  Observer  
  147  8:44  Stalker x4  
  147  8:46  Shield Battery  
  156  9:01  Stalker x4  
  159  9:04  Probe  
  142  9:13  Zealot x4  
  142  9:15  Probe  
  148  9:28  Pylon  
  148  9:29  Pylon  
  142  9:37  Nexus  
  142  9:41  Observer (Chrono Boost)  
  142  9:43  Pylon  
  131  9:47  Zealot x2  
  131  9:48  Zealot x5  
  131  10:05  Probe  
  131  10:06  Probe  
  127  10:09  Zealot x8  
  141  10:23  Photon Cannon  
  141  10:24  Observer  
  140  10:31  Stalker x6  
  136  10:47  Zealot  
Show
View Real Time Build Order
Export as new Build Order

Wayne Zerg 

Build Orders: Hatch First 

Get SALT Encoding   

  12  0:00  Drone  
  13  0:10  Drone  
  14  0:33  Hatchery  
  13  0:36  Drone  
  13  0:41  Extractor  
  13  0:42  Drone  
  15  0:49  Overlord  
  15  1:05  Spawning Pool  
  15  1:09  Drone  
  15  1:12  Drone  
  15  1:16  Drone  
  17  1:22  Drone  
  18  1:30  Extractor  
  18  1:32  Drone  
  18  1:42  Drone  
  19  1:47  Drone  
  19  1:53  Queen x2  
  24  1:56  Drone  
  24  1:59  Zergling x2  
  26  2:06  Overlord  
  26  2:11  Drone  
  26  2:14  Zergling x2  
  28  2:27  Drone  
  29  2:32  Drone  
  29  2:33  Hatchery  
  29  2:40  Queen  
  31  2:47  Overlord  
  31  2:51  Zergling x2  
  31  2:53  Zergling x2  
  31  2:57  Metabolic Boost  
  33  3:00  Drone  
  33  3:04  Drone x2  
  36  3:13  Evolution Chamber  
  36  3:15  Drone x2  
  36  3:19  Spore Crawler  
  35  3:27  Drone, Queen  
  35  3:28  Drone  
  35  3:29  Drone  
  35  3:32  Drone  
  40  3:38  Drone  
  40  3:39  Drone x2  
  43  3:44  Queen  
  45  3:50  Drone x3  
  45  3:54  Drone  
  49  4:09  Overlord  
  47  4:10  Drone x3  
  47  4:11  Spore Crawler  
  47  4:16  Drone  
  49  4:18  Drone  
  50  4:25  Overlord  
  50  4:27  Overlord  
  50  4:29  Drone x8  
  58  4:38  Zergling x2  
  58  4:42  Lair  
  58  4:43  Roach Warren  
  58  4:45  Drone x3  
  60  4:47  Drone  
  60  4:48  Drone  
  60  4:50  Drone  
  63  4:55  Queen  
  63  4:57  Spore Crawler  
  64  5:00  Zergling x2  
  64  5:03  Evolution Chamber  
  64  5:05  Zergling x2  
  65  5:08  Overlord  
  65  5:09  Drone x2  
  65  5:10  Drone x2  
  68  5:15  Drone  
  68  5:16  Drone x3  
  68  5:19  Drone x2  
  71  5:24  Overlord  
  71  5:26  Drone x4  
  73  5:28  Drone  
  73  5:29  Drone  
  73  5:30  Drone  
  73  5:32  Drone x2  
  78  5:36  Drone  
  78  5:37  Zerg Melee Weapons Level 1  
  78  5:41  Extractor  
  78  5:42  Extractor  
  77  5:48  Drone  
  77  5:49  Glial Reconstitution  
  78  5:51  Hatchery  
  78  5:52  Drone  
  78  5:55  Extractor  
  77  5:57  Overlord  
  77  5:59  Zergling x10  
  81  6:08  Overlord  
  81  6:11  Drone  
  81  6:14  Baneling Nest, Overlord  
  81  6:15  Zergling x16  
  89  6:19  Drone  
  89  6:24  Drone  
  91  6:31  Drone x3  
  94  6:36  Drone x2  
  94  6:39  Drone x3  
  98  6:40  Drone  
  98  6:43  Baneling Nest  
  98  6:46  Roach x5  
  106  6:52  Overlord  
  106  6:56  Roach x2  
  106  6:58  Hatchery  
  110  7:03  Overlord  
  110  7:06  Roach x5  
  119  7:12  Roach x4  
  119  7:13  Hatchery  
  126  7:16  Overlord x2  
  126  7:17  Ravager  
  129  7:22  Roach  
  129  7:23  Roach x3  
  129  7:26  Overlord  
  129  7:29  Overlord x2  
  129  7:30  Overlord  
  129  7:35  Zerg Melee Weapons Level 2  
  129  7:36  Centrifugal Hooks  
  129  7:37  Zergling x12  
  133  7:38  Ravager  
  133  7:39  Ravager  
  133  7:43  Zergling x10  
  140  7:49  Zergling x2  
  140  7:50  Zergling x10  
  144  7:54  Zergling x2  
  144  7:58  Ravager  
  137  8:02  Zergling x6  
  140  8:05  Zergling x8  
  140  8:08  Zergling x16  
  150  8:16  Roach x5  
  157  8:23  Zergling x4  
  157  8:24  Baneling x12  
  159  8:28  Zergling x8  
  159  8:32  Roach x3  
  169  8:37  Zergling x16, Baneling x2  
  177  8:44  Zergling x6  
  177  8:45  Baneling x4  
  180  8:50  Overlord  
  173  8:58  Zergling x16  
  171  9:04  Zergling x18  
  171  9:08  Zergling x10  
  166  9:18  Zergling x8  
  154  9:25  Roach x4  
  143  9:32  Roach x9  
  157  9:38  Zergling x6  
  157  9:44  Zergling x6  
  156  9:50  Zergling x4  
  148  9:57  Zergling x2  
  148  9:58  Zergling x4  
  133  10:01  Roach x4  
  130  10:09  Queen  
  130  10:10  Zergling x10  
  131  10:19  Roach  
  131  10:20  Roach x3  
  133  10:24  Zergling x4  
  128  10:29  Zergling x8  
  115  10:37  Drone x4  
Tags
 
Add a new tag
Caveats
  • Supply blocks, unpowered buildings, or Contaminate may cause inaccurate times.
  • Supply counts are checked every 10 seconds.